Coyotes vs Bruins
Created - 7 février 2017 at 19:31
Goals
|
| Coyotes |
0 |
0 |
3 |
3 |
| Bruins |
1 |
1 |
0 |
2 |
|
Shots
|
| Coyotes |
6 |
10 |
24 |
40 |
| Bruins |
15 |
7 |
5 |
27 |
|
1st period
1. Bruins , Matt Cooke 15 (Nate Prosser) at 19:23
Penalties :
Ramzi Abid (Ari) for Roughing (Minor) at 14:32
2nd period
2. Bruins , Henrik Sedin 31 (Wojtek Wolski) at 3:55 (PP)
Penalties :
Tyler Ennis (Ari) for Hooking (Minor) at 0:24, Brooks Laich (Ari) for Hooking (Minor) at 3:48
3rd period
3. Coyotes , Marian Gaborik 12 (Brooks Laich) at 0:20
4. Coyotes , Eric Brewer 4 (Tyler Ennis, Tim Connolly) at 0:42 (PP)
5. Coyotes , Ryan Whitney 3 (Enver Lisin, Zach Parise) at 18:18
Penalties :
Henrik Sedin (Bos) for Tripping (Minor) at 0:27
Goalie Stats
Mathieu Garon (Ari), 25 saves from 27 shots - (0,926), W, 6-6-1, 60:00 minutes
Karri Ramo (Bos), 37 saves from 40 shots - (0,925), L, 6-5-1, 59:09 minutes
Players Stats for Coyotes
Player Name G A P +/- PIM S H SB GA TA FO MP PP MP PK MP
------------------------------------------------------------------------------------
Anton Stralman 0 0 0 2 0 2 1 4 0 0 0/0 21:18 0:00 1:45
Brooks Laich 0 1 1 1 2 2 0 1 1 0 10/14 15:01 0:00 0:00
Chris Stewart 0 0 0 0 0 2 0 0 0 0 1/1 15:21 0:15 0:00
Enver Lisin 0 1 1 0 0 4 0 0 0 0 0/0 16:52 0:00 0:00
Eric Brewer 1 0 1 0 0 2 2 0 0 1 0/0 21:55 0:15 1:45
Georges Laraque 0 0 0 0 0 0 1 0 0 1 0/0 10:43 0:00 2:04
Josh Gorges 0 0 0 -1 0 0 0 1 0 0 0/0 17:58 0:00 2:20
Kristopher Letang 0 0 0 0 0 4 1 0 1 0 0/0 20:44 0:15 0:00
Marian Gaborik 1 0 1 1 0 3 1 1 2 0 0/2 15:10 0:00 0:00
Martin Samuelsson 0 0 0 0 0 1 0 0 0 0 0/3 10:08 0:00 2:30
Maxim Talbot 0 0 0 0 0 0 2 0 1 0 3/4 8:45 0:00 0:57
Nazem Kadri 0 0 0 0 0 3 1 0 0 0 11/20 17:06 0:00 0:14
Ramzi Abid 0 0 0 1 2 1 1 1 0 0 0/1 15:54 0:00 0:52
Ryan Whitney 1 0 1 2 0 2 2 2 0 1 0/0 19:13 0:00 0:00
Tim Connolly 0 1 1 0 0 3 2 0 0 0 6/16 15:21 0:15 0:00
Toni Lydman 0 0 0 -1 0 0 2 0 0 0 0/0 18:52 0:00 2:20
Tyler Ennis 0 1 1 0 2 5 1 0 0 0 0/0 16:38 0:15 0:26
Zach Parise 0 1 1 0 0 6 1 0 0 1 2/2 18:53 0:00 1:07
Players Stats for Bruins
Player Name G A P +/- PIM S H SB GA TA FO MP PP MP PK MP
------------------------------------------------------------------------------------
Adam Pineault 0 0 0 -2 0 2 1 3 0 0 0/1 20:58 1:46 0:00
Andrew Alberts 0 0 0 -1 0 0 1 2 0 1 0/0 26:18 2:30 0:15
Chris Kelly 0 0 0 -2 0 3 2 1 0 1 5/15 20:53 1:46 0:00
Curtis Glencross 0 0 0 0 0 0 0 0 0 0 1/1 1:58 0:12 0:00
Daniel Sedin 0 0 0 -2 0 2 0 2 1 0 0/1 20:57 1:46 0:00
Dave Bolland 0 0 0 1 0 0 2 0 0 0 5/8 13:00 0:00 0:00
Erik Condra 0 0 0 1 0 0 0 0 1 1 1/2 12:57 0:00 0:00
Henrik Sedin 1 0 1 0 2 7 1 0 0 0 17/30 24:03 2:10 0:00
Jason Demers 0 0 0 -1 0 2 0 2 0 1 0/0 26:18 2:30 0:15
Jonathan Sigalet 0 0 0 -1 0 0 0 3 0 0 0/0 21:30 1:35 0:00
Justin Falk 0 0 0 1 0 0 0 2 0 0 0/0 12:17 0:00 0:00
Kris Chucko 0 0 0 0 0 2 1 0 0 0 0/0 1:46 0:09 0:00
Mark Stuart 0 0 0 -1 0 3 2 1 0 0 0/0 21:18 1:35 0:00
Matt Cooke 1 0 1 1 0 1 2 0 1 0 0/0 13:08 0:00 0:15
Nate Prosser 0 1 1 1 0 0 0 0 0 0 0/0 12:17 0:00 0:00
Victor Oreskovich 0 0 0 0 0 2 1 0 0 0 0/1 20:18 2:16 0:00
Viktor Stalberg 0 0 0 0 0 0 0 1 0 0 0/0 5:29 0:00 0:00
Wojtek Wolski 0 1 1 0 0 3 1 0 1 1 1/4 24:19 2:10 0:15
3 Stars
1 - Ryan Whitney (Ari)
2 - Matt Cooke (Bos)
3 - Marian Gaborik (Ari)
Power Play
Coyotes - 1 on 1 Attempt(s) - 100,00%
Bruins - 1 on 3 Attempt(s) - 33,33%
Penalty Kill
Coyotes - 2 on 3 Attempt(s) - 66,67%
- Score 0 goal in Penalty Kill
Bruins - 0 on 1 Attempt(s) - 0,00%
- Score 0 goal in Penalty Kill
Team Stat
Coyotes - Hits : 18 - Faceoff Wins : 33 - Blocked Shots : 10 - Penalty Minutes : 6
Bruins - Hits : 14 - Faceoff Wins : 30 - Blocked Shots : 17 - Penalty Minutes : 2
Official
Referees : Walsh Ian and Meier Brad
Linesman : Mike Cvik and Thor Nelson
Game Notes
Josh Gorges is injured at 19:05 of 3rd period (Sore Left Knee)
Finance
Level 1 -- Attendance: 4095 (68,25%) -- Ticket Income 405 405 $
Level 2 -- Attendance: 4040 (80,80%) -- Ticket Income 238 360 $
Level 3 -- Attendance: 2000 (100,00%) -- Ticket Income 58 000 $
Level 4 -- Attendance: 3835 (95,88%) -- Ticket Income 72 865 $
Luxury Box -- Attendance: 776 (77,60%) -- Ticket Income 146 664 $
Game was played at the TD Banknorth Garden.
Total Attendance: 14746 (81,92%)
Total Ticket Income: 921 294 $
Other Income: 138 194 $
Total Income: 1 059 488 $
Coyotes
5 vs 5 Forward
Center Left Wing Right Wing Time % Phy DF OF
1 Tim Connolly Tyler Ennis Chris Stewart 30 1 2 2
2 Brooks Laich Ramzi Abid Marian Gaborik 30 0 2 3
3 Nazem Kadri Zach Parise Enver Lisin 28 1 2 2
4 Maxim Talbot Martin Samuelsson Georges Laraque 12 1 2 2
5 vs 5 Defense
Defense Defense Time % Phy DF OF
1 Kristopher Letang Eric Brewer 36 1 3 1
2 Ryan Whitney Anton Stralman 34 1 3 1
3 Josh Gorges Toni Lydman 30 1 3 1
4 Kristopher Letang Eric Brewer 0 1 3 1
PowerPlay Forward
Center Left Wing Right Wing Time % Phy DF OF
1 Tim Connolly Tyler Ennis Chris Stewart 50 1 0 4
2 Brooks Laich Zach Parise Marian Gaborik 50 1 0 4
PowerPlay Defense
Defense Defense Time % Phy DF OF
1 Kristopher Letang Eric Brewer 60 0 2 3
2 Ryan Whitney Anton Stralman 40 0 2 3
Penalty Kill 4 Players Forward
Center Wing Time % Phy DF OF
1 Martin Samuelsson Georges Laraque 60 1 3 1
2 Maxim Talbot Ramzi Abid 40 1 3 1
Penalty Kill 4 Players Defense
Defense Defense Time % Phy DF OF
1 Toni Lydman Josh Gorges 60 1 4 0
2 Eric Brewer Anton Stralman 40 1 4 0
Penalty Kill - 3 Players Forward
Forward Time % Phy DF OF
1 Georges Laraque 60 1 4 0
2 Martin Samuelsson 40 0 5 0
Penalty Kill - 3 Players Defense
Defense Defense Time % Phy DF OF
1 Toni Lydman Josh Gorges 60 0 5 0
2 Anton Stralman Eric Brewer 40 0 5 0
4 vs 4 Forward
Center Wing Time % Phy DF OF
1 Tim Connolly Zach Parise 55 0 3 2
2 Tyler Ennis Marian Gaborik 45 0 3 2
4 vs 4 Defense
Defense Defense Time % Phy DF OF
1 Kristopher Letang Eric Brewer 60 1 3 1
2 Ryan Whitney Anton Stralman 40 1 3 1
Last Minutes Offensive
Center Left Wing Right Wing Defense Defense
Tim Connolly Zach Parise Marian Gaborik Kristopher Letang Ryan Whitney
Last Minutes Defensive
Center Left Wing Right Wing Defense Defense
Maxim Talbot Zach Parise Georges Laraque Josh Gorges Toni Lydman
Goaltenders
Starting : Mathieu Garon
Backup : Ryan Miller
Extra Forwards
Normal : Zach Parise, Nazem Kadri, Marian Gaborik - PP : Nazem Kadri, Chris Stewart - PK : Zach Parise
Extra Defensemen
Normal : Josh Gorges, Kristopher Letang, Ryan Whitney - PP : Josh Gorges - PK : Kristopher Letang, Ryan Whitney
Penalty Shots
Tyler Ennis, Marian Gaborik, Zach Parise, Chris Stewart, Brooks Laich
Bruins
5 vs 5 Forward
Center Left Wing Right Wing Time % Phy DF OF
1 Henrik Sedin Wojtek Wolski Victor Oreskovich 40 1 2 2
2 Chris Kelly Daniel Sedin Adam Pineault 30 1 2 2
3 Dave Bolland Matt Cooke Erik Condra 20 1 2 2
4 Wojtek Wolski Viktor Stalberg Henrik Sedin 10 1 2 2
5 vs 5 Defense
Defense Defense Time % Phy DF OF
1 Jason Demers Andrew Alberts 40 1 2 2
2 Mark Stuart Jonathan Sigalet 30 1 2 2
3 Nate Prosser Justin Falk 20 1 2 2
4 Jason Demers Andrew Alberts 10 1 2 2
PowerPlay Forward
Center Left Wing Right Wing Time % Phy DF OF
1 Henrik Sedin Wojtek Wolski Victor Oreskovich 60 1 2 2
2 Chris Kelly Daniel Sedin Adam Pineault 40 1 2 2
PowerPlay Defense
Defense Defense Time % Phy DF OF
1 Jason Demers Andrew Alberts 60 1 2 2
2 Mark Stuart Jonathan Sigalet 40 1 2 2
Penalty Kill 4 Players Forward
Center Wing Time % Phy DF OF
1 Wojtek Wolski Henrik Sedin 60 1 2 2
2 Daniel Sedin Victor Oreskovich 40 1 2 2
Penalty Kill 4 Players Defense
Defense Defense Time % Phy DF OF
1 Jason Demers Andrew Alberts 60 1 2 2
2 Mark Stuart Jonathan Sigalet 40 1 2 2
Penalty Kill - 3 Players Forward
Forward Time % Phy DF OF
1 Wojtek Wolski 60 1 2 2
2 Henrik Sedin 40 1 2 2
Penalty Kill - 3 Players Defense
Defense Defense Time % Phy DF OF
1 Jason Demers Andrew Alberts 60 1 2 2
2 Mark Stuart Jonathan Sigalet 40 1 2 2
4 vs 4 Forward
Center Wing Time % Phy DF OF
1 Wojtek Wolski Henrik Sedin 60 1 2 2
2 Daniel Sedin Victor Oreskovich 40 1 2 2
4 vs 4 Defense
Defense Defense Time % Phy DF OF
1 Jason Demers Andrew Alberts 60 1 2 2
2 Mark Stuart Jonathan Sigalet 40 1 2 2
Last Minutes Offensive
Center Left Wing Right Wing Defense Defense
Henrik Sedin Wojtek Wolski Victor Oreskovich Jason Demers Andrew Alberts
Last Minutes Defensive
Center Left Wing Right Wing Defense Defense
Henrik Sedin Wojtek Wolski Victor Oreskovich Jason Demers Andrew Alberts
Goaltenders
Starting : Karri Ramo
Backup : Roberto Luongo
Extra Forwards
Normal : Curtis Glencross, Kris Chucko, Matt Cooke - PP : Curtis Glencross, Kris Chucko - PK : Matt Cooke
Extra Defensemen
Normal : Nate Prosser, Justin Falk, Mark Stuart - PP : Nate Prosser - PK : Justin Falk, Mark Stuart
Penalty Shots
Wojtek Wolski, Henrik Sedin, Daniel Sedin, Victor Oreskovich, Matt Cooke
% Time on Ice - Coyotes
Lines # - Real PCT - Wanted PCT - Time Play
Normal Forward
1 - 29% - 30% - 15:58
2 - 28% - 30% - 15:02
3 - 31% - 28% - 16:52
4 - 12% - 12% - 6:46
Normal Defense
1 - 35% - 36% - 18:52
2 - 36% - 34% - 19:33
3 - 28% - 30% - 15:29
4 - 1% - 0% - 0:44
PP Forward
1 - 100% - 50% - 0:15
2 - 0% - 50% - 0:00
PP Defense
1 - 100% - 60% - 0:15
2 - 0% - 40% - 0:00
PK Forward
1 - 77% - 60% - 3:08
2 - 23% - 40% - 0:57
PK Defense
1 - 57% - 60% - 2:20
2 - 43% - 40% - 1:45
PK3 Forward
1 - 0% - 60%
2 - 0% - 40%
PK3 Defense
1 - 0% - 60%
2 - 0% - 40%
44 Forward
1 - 0% - 55%
2 - 0% - 45%
44 Defense
1 - 0% - 60%
2 - 0% - 40%
Last Minute Offensive - 0:00
Last Minute Defensive - 1:02
Total
Forward - 60:00
Defense - 60:00
|
% Time on Ice - Bruins
Lines # - Real PCT - Wanted PCT - Time Play
Normal Forward
1 - 31% - 40% - 16:52
2 - 35% - 30% - 19:16
3 - 24% - 20% - 12:53
4 - 10% - 10% - 5:29
Normal Defense
1 - 36% - 40% - 19:50
2 - 36% - 30% - 19:43
3 - 23% - 20% - 12:17
4 - 5% - 10% - 2:40
PP Forward
1 - 57% - 60% - 2:19
2 - 43% - 40% - 1:46
PP Defense
1 - 61% - 60% - 2:30
2 - 39% - 40% - 1:35
PK Forward
1 - 100% - 60% - 0:15
2 - 0% - 40% - 0:00
PK Defense
1 - 100% - 60% - 0:15
2 - 0% - 40% - 0:00
PK3 Forward
1 - 0% - 60%
2 - 0% - 40%
PK3 Defense
1 - 0% - 60%
2 - 0% - 40%
44 Forward
1 - 0% - 60%
2 - 0% - 40%
44 Defense
1 - 0% - 60%
2 - 0% - 40%
Last Minute Offensive - 1:10
Last Minute Defensive - 0:00
Total
Forward - 60:00
Defense - 60:00
|
Play by Play
1st period
0:01 of 1st period - Tim Connolly wins face-off versus Henrik Sedin in neutral zone.
0:10 of 1st period - Snap shot by Tyler Ennis.
0:10 of 1st period - Shot Misses the Net.
0:26 of 1st period - Marian Gaborik is hit by Chris Kelly.
0:55 of 1st period - Off-side.
0:56 of 1st period - Nazem Kadri wins face-off versus Dave Bolland in neutral zone.
1:43 of 1st period - Chris Stewart is hit by Henrik Sedin and loses puck.
2:26 of 1st period - Snap shot by Martin Samuelsson.
2:26 of 1st period - Stopped by Karri Ramo with a rebound.
3:16 of 1st period - Wrist shot by Nazem Kadri.
3:16 of 1st period - Shot Misses the Net.
3:28 of 1st period - Jason Demers is hit by Anton Stralman and loses puck.
3:59 of 1st period - Snap shot by Kris Chucko.
3:59 of 1st period - Stopped by Mathieu Garon without a rebound.
4:00 of 1st period - Curtis Glencross wins face-off versus Nazem Kadri in Coyotes zone.
4:07 of 1st period - Snap shot by Kris Chucko.
4:07 of 1st period - Stopped by Mathieu Garon without a rebound.
4:08 of 1st period - Nazem Kadri wins face-off versus Henrik Sedin in Coyotes zone.
4:13 of 1st period - Slapshot by Enver Lisin.
4:13 of 1st period - Shot Misses the Net.
4:53 of 1st period - Erik Condra is hit by Eric Brewer and loses puck.
5:41 of 1st period - Wrist shot by Brooks Laich.
5:41 of 1st period - Shot Misses the Net.
5:53 of 1st period - Snap shot by Wojtek Wolski.
5:53 of 1st period - Stopped by Mathieu Garon with a rebound.
5:55 of 1st period - Slapshot by Mark Stuart.
5:55 of 1st period - Shot Hit the Post.
5:57 of 1st period - Snap shot by Mark Stuart.
5:57 of 1st period - Stopped by Mathieu Garon with a rebound.
5:59 of 1st period - Slapshot by Henrik Sedin.
5:59 of 1st period - Shot Misses the Net.
6:01 of 1st period - Wrist shot by Mark Stuart.
6:01 of 1st period - Deflect By Zach Parise.
6:01 of 1st period - Stopped by Mathieu Garon with a rebound.
6:03 of 1st period - Slapshot by Victor Oreskovich.
6:03 of 1st period - Shot Misses the Net.
6:05 of 1st period - Snap shot by Wojtek Wolski.
6:05 of 1st period - Shot Misses the Net.
6:39 of 1st period - Snap shot by Henrik Sedin.
6:39 of 1st period - Stopped by Mathieu Garon with a rebound.
6:41 of 1st period - Wrist shot by Henrik Sedin.
6:41 of 1st period - Stopped by Mathieu Garon with a rebound.
6:58 of 1st period - Slapshot by Henrik Sedin.
6:58 of 1st period - Stopped by Mathieu Garon without a rebound.
6:59 of 1st period - Tim Connolly wins face-off versus Chris Kelly in Coyotes zone.
7:12 of 1st period - Wrist shot by Tim Connolly.
7:12 of 1st period - Shot Misses the Net.
7:30 of 1st period - Snap shot by Marian Gaborik.
7:30 of 1st period - Deflect By Brooks Laich.
7:30 of 1st period - Stopped by Karri Ramo with a rebound.
8:06 of 1st period - Slapshot by Maxim Talbot.
8:06 of 1st period - Shot Misses the Net.
9:00 of 1st period - Nate Prosser is hit by Nazem Kadri and loses puck.
9:22 of 1st period - Brooks Laich is hit by Dave Bolland and loses puck.
9:51 of 1st period - Andrew Alberts is hit by Maxim Talbot and loses puck.
10:23 of 1st period - Dave Bolland is hit by Marian Gaborik and loses puck.
10:45 of 1st period - Icing by Zach Parise.
10:46 of 1st period - Dave Bolland wins face-off versus Nazem Kadri in Coyotes zone.
11:14 of 1st period - Backhand shot by Ramzi Abid.
11:14 of 1st period - Shot Misses the Net.
11:16 of 1st period - Snap shot by Ramzi Abid.
11:16 of 1st period - Shot Misses the Net.
11:18 of 1st period - Wrist shot by Ramzi Abid.
11:18 of 1st period - Stopped by Karri Ramo without a rebound.
11:19 of 1st period - Dave Bolland wins face-off versus Tim Connolly in Bruins zone.
12:19 of 1st period - Slapshot by Tyler Ennis.
12:19 of 1st period - Stopped by Karri Ramo without a rebound.
12:20 of 1st period - Brooks Laich wins face-off versus Erik Condra in Bruins zone.
12:31 of 1st period - Snap shot by Ramzi Abid.
12:31 of 1st period - Shot Misses the Net.
12:33 of 1st period - Slapshot by Anton Stralman.
12:33 of 1st period - Deflect By Jason Demers.
12:33 of 1st period - Stopped by Karri Ramo without a rebound.
12:34 of 1st period - Brooks Laich wins face-off versus Henrik Sedin in Bruins zone.
13:11 of 1st period - Wrist shot by Chris Kelly.
13:11 of 1st period - Shot Blocked by Anton Stralman.
13:13 of 1st period - Slapshot by Adam Pineault.
13:13 of 1st period - Stopped by Mathieu Garon without a rebound.
13:14 of 1st period - Erik Condra wins face-off versus Tim Connolly in Coyotes zone.
13:41 of 1st period - Wojtek Wolski is hit by Ramzi Abid and loses puck.
13:48 of 1st period - Snap shot by Marian Gaborik.
13:48 of 1st period - Shot Misses the Net.
13:50 of 1st period - Slapshot by Kristopher Letang.
13:50 of 1st period - Deflect By Wojtek Wolski.
13:50 of 1st period - Stopped by Karri Ramo with a rebound.
13:52 of 1st period - Wrist shot by Eric Brewer.
13:52 of 1st period - Shot Misses the Net.
14:10 of 1st period - Slapshot by Chris Kelly.
14:10 of 1st period - Stopped by Mathieu Garon without a rebound.
14:11 of 1st period - Chris Kelly wins face-off versus Brooks Laich in Coyotes zone.
14:12 of 1st period - Wrist shot by Daniel Sedin.
14:12 of 1st period - Shot Blocked by Ramzi Abid.
14:14 of 1st period - Wrist shot by Chris Kelly.
14:14 of 1st period - Stopped by Mathieu Garon with a rebound.
14:16 of 1st period - Snap shot by Chris Kelly.
14:16 of 1st period - Shot Blocked by Anton Stralman.
14:18 of 1st period - Snap shot by Adam Pineault.
14:18 of 1st period - Stopped by Mathieu Garon with a rebound.
14:20 of 1st period - Slapshot by Andrew Alberts.
14:20 of 1st period - Shot Blocked by Anton Stralman.
14:22 of 1st period - Snap shot by Andrew Alberts.
14:22 of 1st period - Shot Blocked by Marian Gaborik.
14:24 of 1st period - Wrist shot by Adam Pineault.
14:24 of 1st period - Shot Blocked by Ryan Whitney.
14:32 of 1st period - Minor Penalty to Ramzi Abid for Roughing.
14:33 of 1st period - Henrik Sedin wins face-off versus Martin Samuelsson in Coyotes zone.
15:08 of 1st period - Snap shot by Chris Kelly.
15:08 of 1st period - Stopped by Mathieu Garon with a rebound.
15:10 of 1st period - Snap shot by Jason Demers.
15:10 of 1st period - Stopped by Mathieu Garon with a rebound.
15:12 of 1st period - Slapshot by Jason Demers.
15:12 of 1st period - Shot Misses the Net.
16:26 of 1st period - Eric Brewer is hit by Kris Chucko and loses puck.
16:32 of 1st period - Penalty to Ramzi Abid is over, Ramzi Abid is back on ice.
18:15 of 1st period - Icing by Chris Kelly.
18:16 of 1st period - Tim Connolly wins face-off versus Chris Kelly in Bruins zone.
18:49 of 1st period - Snap shot by Zach Parise.
18:49 of 1st period - Deflect By Nazem Kadri.
18:49 of 1st period - Shot Misses the Net.
18:49 of 1st period - Puck is out of play.
18:50 of 1st period - Henrik Sedin wins face-off versus Nazem Kadri in Bruins zone.
19:23 of 1st period - Slapshot by Matt Cooke.
19:23 of 1st period - Goal by Matt Cooke - Coyotes : 0 - Bruins : 1.
19:24 of 1st period - Henrik Sedin wins face-off versus Tim Connolly in neutral zone.
Goals for this period are 0 for Coyotes vs 1 for Bruins.
Shots for this period are 6 for Coyotes vs 15 for Bruins.
2nd period
0:01 of 2nd period - Wojtek Wolski wins face-off versus Tim Connolly in neutral zone.
0:24 of 2nd period - Minor Penalty to Tyler Ennis for Hooking.
0:25 of 2nd period - Henrik Sedin wins face-off versus Martin Samuelsson in Coyotes zone.
0:30 of 2nd period - Slapshot by Henrik Sedin.
0:30 of 2nd period - Stopped by Mathieu Garon with a rebound.
0:32 of 2nd period - Slapshot by Jason Demers.
0:32 of 2nd period - Shot Misses the Net.
1:43 of 2nd period - Icing by Andrew Alberts.
1:44 of 2nd period - Zach Parise wins face-off versus Chris Kelly in Bruins zone.
2:24 of 2nd period - Penalty to Tyler Ennis is over, Tyler Ennis is back on ice.
2:38 of 2nd period - Slapshot by Matt Cooke.
2:38 of 2nd period - Shot Misses the Net.
3:22 of 2nd period - Snap shot by Zach Parise.
3:22 of 2nd period - Stopped by Karri Ramo without a rebound.
3:23 of 2nd period - Nazem Kadri wins face-off versus Chris Kelly in Bruins zone.
3:30 of 2nd period - Snap shot by Enver Lisin.
3:30 of 2nd period - Stopped by Karri Ramo without a rebound.
3:31 of 2nd period - Henrik Sedin wins face-off versus Ramzi Abid in Bruins zone.
3:43 of 2nd period - Off-side.
3:44 of 2nd period - Henrik Sedin wins face-off versus Marian Gaborik in neutral zone.
3:48 of 2nd period - Minor Penalty to Brooks Laich for Hooking.
3:49 of 2nd period - Henrik Sedin wins face-off versus Martin Samuelsson in Coyotes zone.
3:55 of 2nd period - Snap shot by Henrik Sedin.
3:55 of 2nd period - Goal by Henrik Sedin - Coyotes : 0 - Bruins : 2.
3:56 of 2nd period - Henrik Sedin wins face-off versus Brooks Laich in neutral zone.
4:05 of 2nd period - Wrist shot by Victor Oreskovich.
4:05 of 2nd period - Stopped by Mathieu Garon with a rebound.
4:47 of 2nd period - Snap shot by Tyler Ennis.
4:47 of 2nd period - Shot Blocked by Jonathan Sigalet.
5:21 of 2nd period - Snap shot by Marian Gaborik.
5:21 of 2nd period - Deflect By Ramzi Abid.
5:21 of 2nd period - Shot Misses the Net.
5:21 of 2nd period - Puck is out of play.
5:22 of 2nd period - Chris Kelly wins face-off versus Marian Gaborik in Bruins zone.
5:49 of 2nd period - Daniel Sedin is hit by Tyler Ennis.
5:56 of 2nd period - Off-side.
5:57 of 2nd period - Henrik Sedin wins face-off versus Nazem Kadri in neutral zone.
6:00 of 2nd period - Slapshot by Jason Demers.
6:00 of 2nd period - Shot Blocked by Anton Stralman.
7:03 of 2nd period - Jonathan Sigalet is hit by Georges Laraque and loses puck.
7:49 of 2nd period - Off-side.
7:50 of 2nd period - Zach Parise wins face-off versus Dave Bolland in neutral zone.
7:57 of 2nd period - Backhand shot by Zach Parise.
7:57 of 2nd period - Deflect By Nazem Kadri.
7:57 of 2nd period - Shot Blocked by Jonathan Sigalet.
7:57 of 2nd period - Puck is out of play.
7:58 of 2nd period - Nazem Kadri wins face-off versus Henrik Sedin in Bruins zone.
8:06 of 2nd period - Icing by Wojtek Wolski.
8:07 of 2nd period - Brooks Laich wins face-off versus Henrik Sedin in Bruins zone.
9:24 of 2nd period - Slapshot by Martin Samuelsson.
9:24 of 2nd period - Shot Blocked by Adam Pineault.
10:08 of 2nd period - Slapshot by Tyler Ennis.
10:08 of 2nd period - Stopped by Karri Ramo with a rebound.
11:24 of 2nd period - Slapshot by Tyler Ennis.
11:24 of 2nd period - Deflect By Chris Stewart.
11:24 of 2nd period - Shot Blocked by Daniel Sedin.
11:24 of 2nd period - Puck is out of play.
11:25 of 2nd period - Brooks Laich wins face-off versus Chris Kelly in Bruins zone.
11:32 of 2nd period - Brooks Laich is hit by Chris Kelly and loses puck.
11:49 of 2nd period - Tyler Ennis is hit by Matt Cooke and loses puck.
12:08 of 2nd period - Wrist shot by Tyler Ennis.
12:08 of 2nd period - Stopped by Karri Ramo without a rebound.
12:09 of 2nd period - Nazem Kadri wins face-off versus Henrik Sedin in Bruins zone.
12:12 of 2nd period - Snap shot by Nazem Kadri.
12:12 of 2nd period - Shot Misses the Net.
12:14 of 2nd period - Slapshot by Enver Lisin.
12:14 of 2nd period - Stopped by Karri Ramo with a rebound.
12:16 of 2nd period - Wrist shot by Enver Lisin.
12:16 of 2nd period - Stopped by Karri Ramo with a rebound.
12:22 of 2nd period - Wrist shot by Zach Parise.
12:22 of 2nd period - Deflect By Enver Lisin.
12:22 of 2nd period - Shot Misses the Net.
12:22 of 2nd period - Puck is out of play.
12:23 of 2nd period - Henrik Sedin wins face-off versus Brooks Laich in Bruins zone.
12:50 of 2nd period - Chris Kelly is hit by Eric Brewer and loses puck.
13:49 of 2nd period - Wrist shot by Marian Gaborik.
13:49 of 2nd period - Stopped by Karri Ramo without a rebound.
13:50 of 2nd period - Brooks Laich wins face-off versus Chris Kelly in Bruins zone.
13:55 of 2nd period - Snap shot by Marian Gaborik.
13:55 of 2nd period - Shot Blocked by Adam Pineault.
13:57 of 2nd period - Slapshot by Ramzi Abid.
13:57 of 2nd period - Shot Misses the Net.
13:59 of 2nd period - Snap shot by Eric Brewer.
13:59 of 2nd period - Deflect By Marian Gaborik.
13:59 of 2nd period - Shot Misses the Net.
13:59 of 2nd period - Puck is out of play.
14:00 of 2nd period - Henrik Sedin wins face-off versus Nazem Kadri in Bruins zone.
14:09 of 2nd period - Wrist shot by Henrik Sedin.
14:09 of 2nd period - Stopped by Mathieu Garon without a rebound.
14:10 of 2nd period - Henrik Sedin wins face-off versus Nazem Kadri in Coyotes zone.
14:11 of 2nd period - Backhand shot by Wojtek Wolski.
14:11 of 2nd period - Stopped by Mathieu Garon without a rebound.
14:12 of 2nd period - Tim Connolly wins face-off versus Henrik Sedin in Coyotes zone.
14:25 of 2nd period - Snap shot by Henrik Sedin.
14:25 of 2nd period - Stopped by Mathieu Garon with a rebound.
14:27 of 2nd period - Slapshot by Jason Demers.
14:27 of 2nd period - Shot Misses the Net.
15:20 of 2nd period - Slapshot by Eric Brewer.
15:20 of 2nd period - Shot Misses the Net.
15:22 of 2nd period - Snap shot by Maxim Talbot.
15:22 of 2nd period - Shot Misses the Net.
15:32 of 2nd period - Wrist shot by Martin Samuelsson.
15:32 of 2nd period - Shot Blocked by Justin Falk.
15:42 of 2nd period - Wrist shot by Tyler Ennis.
15:42 of 2nd period - Shot Blocked by Chris Kelly.
16:05 of 2nd period - Ramzi Abid is hit by Matt Cooke and loses puck.
17:11 of 2nd period - Snap shot by Brooks Laich.
17:11 of 2nd period - Deflect By Ramzi Abid.
17:11 of 2nd period - Shot Blocked by Jason Demers.
17:11 of 2nd period - Puck is out of play.
17:12 of 2nd period - Brooks Laich wins face-off versus Chris Kelly in Bruins zone.
17:19 of 2nd period - Slapshot by Chris Kelly.
17:19 of 2nd period - Shot Blocked by Brooks Laich.
17:21 of 2nd period - Backhand shot by Adam Pineault.
17:21 of 2nd period - Shot Misses the Net.
17:23 of 2nd period - Slapshot by Daniel Sedin.
17:23 of 2nd period - Stopped by Mathieu Garon without a rebound.
17:24 of 2nd period - Henrik Sedin wins face-off versus Nazem Kadri in Coyotes zone.
17:30 of 2nd period - Off-side.
17:31 of 2nd period - Nazem Kadri wins face-off versus Henrik Sedin in neutral zone.
17:54 of 2nd period - Slapshot by Nazem Kadri.
17:54 of 2nd period - Stopped by Karri Ramo without a rebound.
17:55 of 2nd period - Chris Kelly wins face-off versus Tim Connolly in Bruins zone.
18:04 of 2nd period - Slapshot by Tyler Ennis.
18:04 of 2nd period - Shot Misses the Net.
18:06 of 2nd period - Slapshot by Josh Gorges.
18:06 of 2nd period - Shot Blocked by Mark Stuart.
18:42 of 2nd period - Snap shot by Maxim Talbot.
18:42 of 2nd period - Deflect By Martin Samuelsson.
18:42 of 2nd period - Shot Misses the Net.
18:42 of 2nd period - Puck is out of play.
18:43 of 2nd period - Dave Bolland wins face-off versus Maxim Talbot in Bruins zone.
18:49 of 2nd period - Snap shot by Georges Laraque.
18:49 of 2nd period - Deflect By Maxim Talbot.
18:49 of 2nd period - Shot Blocked by Andrew Alberts.
18:49 of 2nd period - Puck is out of play.
18:50 of 2nd period - Dave Bolland wins face-off versus Tim Connolly in Bruins zone.
18:57 of 2nd period - Wrist shot by Dave Bolland.
18:57 of 2nd period - Shot Misses the Net.
19:05 of 2nd period - Jason Demers is hit by Tim Connolly and loses puck.
19:38 of 2nd period - Wrist shot by Nazem Kadri.
19:38 of 2nd period - Shot Hit the Post.
19:40 of 2nd period - Slapshot by Eric Brewer.
19:40 of 2nd period - Deflect By Nazem Kadri.
19:40 of 2nd period - Stopped by Karri Ramo with a rebound.
19:42 of 2nd period - Slapshot by Enver Lisin.
19:42 of 2nd period - Shot Hit the Post.
19:44 of 2nd period - Wrist shot by Nazem Kadri.
19:44 of 2nd period - Stopped by Karri Ramo with a rebound.
19:46 of 2nd period - Slapshot by Zach Parise.
19:46 of 2nd period - Shot Blocked by Daniel Sedin.
19:48 of 2nd period - Slapshot by Kristopher Letang.
19:48 of 2nd period - Shot Misses the Net.
Goals for this period are 0 for Coyotes vs 1 for Bruins.
Shots for this period are 10 for Coyotes vs 7 for Bruins.
3rd period
0:01 of 3rd period - Henrik Sedin wins face-off versus Tim Connolly in neutral zone.
0:16 of 3rd period - Wrist shot by Tim Connolly.
0:16 of 3rd period - Deflect By Tyler Ennis.
0:16 of 3rd period - Shot Misses the Net.
0:16 of 3rd period - Puck is out of play.
0:17 of 3rd period - Brooks Laich wins face-off versus Chris Kelly in Bruins zone.
0:18 of 3rd period - Wrist shot by Marian Gaborik.
0:18 of 3rd period - Stopped by Karri Ramo without a rebound.
0:19 of 3rd period - Brooks Laich wins face-off versus Chris Kelly in Bruins zone.
0:20 of 3rd period - Wrist shot by Marian Gaborik.
0:20 of 3rd period - Goal by Marian Gaborik - Coyotes : 1 - Bruins : 2.
0:21 of 3rd period - Brooks Laich wins face-off versus Henrik Sedin in neutral zone.
0:27 of 3rd period - Minor Penalty to Henrik Sedin for Tripping.
0:28 of 3rd period - Tim Connolly wins face-off versus Wojtek Wolski in Bruins zone.
0:30 of 3rd period - Snap shot by Chris Stewart.
0:30 of 3rd period - Stopped by Karri Ramo with a rebound.
0:32 of 3rd period - Snap shot by Tyler Ennis.
0:32 of 3rd period - Shot Misses the Net.
0:34 of 3rd period - Backhand shot by Tyler Ennis.
0:34 of 3rd period - Stopped by Karri Ramo with a rebound.
0:36 of 3rd period - Snap shot by Kristopher Letang.
0:36 of 3rd period - Deflect By Andrew Alberts.
0:36 of 3rd period - Stopped by Karri Ramo with a rebound.
0:38 of 3rd period - Snap shot by Tim Connolly.
0:38 of 3rd period - Stopped by Karri Ramo with a rebound.
0:40 of 3rd period - Wrist shot by Tyler Ennis.
0:40 of 3rd period - Shot Blocked by Andrew Alberts.
0:42 of 3rd period - Wrist shot by Eric Brewer.
0:42 of 3rd period - Goal by Eric Brewer - Coyotes : 2 - Bruins : 2.
0:43 of 3rd period - Nazem Kadri wins face-off versus Henrik Sedin in neutral zone.
1:00 of 3rd period - Nazem Kadri is hit by Victor Oreskovich and loses puck.
1:34 of 3rd period - Slapshot by Tim Connolly.
1:34 of 3rd period - Stopped by Karri Ramo without a rebound.
1:35 of 3rd period - Dave Bolland wins face-off versus Tim Connolly in Bruins zone.
1:40 of 3rd period - Snap shot by Mark Stuart.
1:40 of 3rd period - Stopped by Mathieu Garon without a rebound.
1:41 of 3rd period - Henrik Sedin wins face-off versus Tim Connolly in Coyotes zone.
3:03 of 3rd period - Snap shot by Jason Demers.
3:03 of 3rd period - Shot Misses the Net.
3:05 of 3rd period - Snap shot by Wojtek Wolski.
3:05 of 3rd period - Stopped by Mathieu Garon without a rebound.
3:06 of 3rd period - Chris Kelly wins face-off versus Brooks Laich in Coyotes zone.
3:07 of 3rd period - Snap shot by Daniel Sedin.
3:07 of 3rd period - Shot Misses the Net.
4:15 of 3rd period - Slapshot by Enver Lisin.
4:15 of 3rd period - Shot Blocked by Justin Falk.
4:33 of 3rd period - Nate Prosser is hit by Ryan Whitney and loses puck.
4:52 of 3rd period - Jonathan Sigalet is hit by Toni Lydman and loses puck.
5:51 of 3rd period - Daniel Sedin is hit by Tim Connolly and loses puck.
6:10 of 3rd period - Jason Demers is hit by Kristopher Letang and loses puck.
6:33 of 3rd period - Icing by Marian Gaborik.
6:34 of 3rd period - Brooks Laich wins face-off versus Daniel Sedin in Coyotes zone.
7:19 of 3rd period - Eric Brewer is hit by Mark Stuart and loses puck.
7:38 of 3rd period - Snap shot by Zach Parise.
7:38 of 3rd period - Stopped by Karri Ramo without a rebound.
7:39 of 3rd period - Nazem Kadri wins face-off versus Adam Pineault in Bruins zone.
7:42 of 3rd period - Snap shot by Nazem Kadri.
7:42 of 3rd period - Shot Misses the Net.
7:58 of 3rd period - Snap shot by Wojtek Wolski.
7:58 of 3rd period - Shot Misses the Net.
8:06 of 3rd period - Henrik Sedin is hit by Ryan Whitney and loses puck.
9:07 of 3rd period - Henrik Sedin is hit by Maxim Talbot and loses puck.
9:16 of 3rd period - Wrist shot by Georges Laraque.
9:16 of 3rd period - Shot Blocked by Viktor Stalberg.
9:46 of 3rd period - Marian Gaborik is hit by Adam Pineault and loses puck.
9:59 of 3rd period - Snap shot by Kristopher Letang.
9:59 of 3rd period - Stopped by Karri Ramo without a rebound.
10:00 of 3rd period - Nazem Kadri wins face-off versus Dave Bolland in Bruins zone.
10:05 of 3rd period - Slapshot by Zach Parise.
10:05 of 3rd period - Stopped by Karri Ramo without a rebound.
10:06 of 3rd period - Chris Stewart wins face-off versus Henrik Sedin in Bruins zone.
10:19 of 3rd period - Snap shot by Mark Stuart.
10:19 of 3rd period - Shot Blocked by Josh Gorges.
10:41 of 3rd period - Backhand shot by Daniel Sedin.
10:41 of 3rd period - Shot Misses the Net.
10:51 of 3rd period - Adam Pineault is hit by Toni Lydman and loses puck.
11:22 of 3rd period - Slapshot by Jason Demers.
11:22 of 3rd period - Stopped by Mathieu Garon with a rebound.
11:40 of 3rd period - Wrist shot by Daniel Sedin.
11:40 of 3rd period - Stopped by Mathieu Garon with a rebound.
11:46 of 3rd period - Snap shot by Daniel Sedin.
11:46 of 3rd period - Shot Misses the Net.
11:54 of 3rd period - Snap shot by Marian Gaborik.
11:54 of 3rd period - Shot Misses the Net.
11:56 of 3rd period - Backhand shot by Brooks Laich.
11:56 of 3rd period - Stopped by Karri Ramo without a rebound.
11:57 of 3rd period - Henrik Sedin wins face-off versus Nazem Kadri in Bruins zone.
12:06 of 3rd period - Wrist shot by Ryan Whitney.
12:06 of 3rd period - Stopped by Karri Ramo with a rebound.
12:08 of 3rd period - Slapshot by Anton Stralman.
12:08 of 3rd period - Shot Blocked by Jonathan Sigalet.
12:10 of 3rd period - Wrist shot by Zach Parise.
12:10 of 3rd period - Shot Misses the Net.
12:12 of 3rd period - Snap shot by Zach Parise.
12:12 of 3rd period - Deflect By Enver Lisin.
12:12 of 3rd period - Stopped by Karri Ramo with a rebound.
12:22 of 3rd period - Chris Stewart is hit by Mark Stuart and loses puck.
12:28 of 3rd period - Kristopher Letang is hit by Dave Bolland and loses puck.
12:45 of 3rd period - Backhand shot by Dave Bolland.
12:45 of 3rd period - Shot Misses the Net.
12:49 of 3rd period - Wrist shot by Henrik Sedin.
12:49 of 3rd period - Deflect By Wojtek Wolski.
12:49 of 3rd period - Shot Misses the Net.
12:49 of 3rd period - Puck is out of play.
12:50 of 3rd period - Nazem Kadri wins face-off versus Wojtek Wolski in Coyotes zone.
12:55 of 3rd period - Ryan Whitney is hit by Wojtek Wolski and loses puck.
13:27 of 3rd period - Snap shot by Nazem Kadri.
13:27 of 3rd period - Deflect By Zach Parise.
13:27 of 3rd period - Stopped by Karri Ramo with a rebound.
13:35 of 3rd period - Wrist shot by Zach Parise.
13:35 of 3rd period - Stopped by Karri Ramo without a rebound.
13:36 of 3rd period - Tim Connolly wins face-off versus Henrik Sedin in Bruins zone.
13:43 of 3rd period - Slapshot by Tyler Ennis.
13:43 of 3rd period - Stopped by Karri Ramo without a rebound.
13:44 of 3rd period - Henrik Sedin wins face-off versus Tim Connolly in Bruins zone.
14:10 of 3rd period - Wrist shot by Tyler Ennis.
14:10 of 3rd period - Deflect By Chris Stewart.
14:10 of 3rd period - Stopped by Karri Ramo with a rebound.
14:12 of 3rd period - Snap shot by Tyler Ennis.
14:12 of 3rd period - Shot Misses the Net.
14:32 of 3rd period - Wrist shot by Wojtek Wolski.
14:32 of 3rd period - Shot Misses the Net.
14:55 of 3rd period - Snap shot by Victor Oreskovich.
14:55 of 3rd period - Stopped by Mathieu Garon with a rebound.
15:01 of 3rd period - Snap shot by Kristopher Letang.
15:01 of 3rd period - Deflect By Wojtek Wolski.
15:01 of 3rd period - Stopped by Karri Ramo with a rebound.
15:03 of 3rd period - Wrist shot by Tim Connolly.
15:03 of 3rd period - Stopped by Karri Ramo without a rebound.
15:04 of 3rd period - Nazem Kadri wins face-off versus Chris Kelly in Bruins zone.
15:13 of 3rd period - Snap shot by Zach Parise.
15:13 of 3rd period - Stopped by Karri Ramo without a rebound.
15:14 of 3rd period - Chris Kelly wins face-off versus Nazem Kadri in Bruins zone.
15:41 of 3rd period - Slapshot by Anton Stralman.
15:41 of 3rd period - Stopped by Karri Ramo with a rebound.
16:15 of 3rd period - Snap shot by Adam Pineault.
16:15 of 3rd period - Shot Blocked by Ryan Whitney.
16:25 of 3rd period - Chris Kelly is hit by Zach Parise and loses puck.
18:16 of 3rd period - Snap shot by Enver Lisin.
18:16 of 3rd period - Shot Blocked by Adam Pineault.
18:18 of 3rd period - Slapshot by Ryan Whitney.
18:18 of 3rd period - Goal by Ryan Whitney - Coyotes : 3 - Bruins : 2.
18:19 of 3rd period - Maxim Talbot wins face-off versus Wojtek Wolski in neutral zone.
18:26 of 3rd period - Wrist shot by Eric Brewer.
18:26 of 3rd period - Stopped by Karri Ramo with a rebound.
18:52 of 3rd period - Wrist shot by Tim Connolly.
18:52 of 3rd period - Shot Blocked by Jason Demers.
19:04 of 3rd period - Josh Gorges is hit by Andrew Alberts and loses puck.
19:05 of 3rd period - Josh Gorges from Coyotes is injured at 19:05 of 3rd period (Sore Left Knee).
19:06 of 3rd period - Maxim Talbot wins face-off versus Victor Oreskovich in Coyotes zone.
19:09 of 3rd period - Bruins, Karri Ramo is pulled from the net.
19:56 of 3rd period - Off-side.
19:57 of 3rd period - Randy Carlyle call a timeout for Bruins.
19:57 of 3rd period - Maxim Talbot wins face-off versus Henrik Sedin in neutral zone.
Goals for this period are 3 for Coyotes vs 0 for Bruins.
Shots for this period are 24 for Coyotes vs 5 for Bruins.
Back to the Top